 Dungeon Crawl Stone Soup version 0.17-a0-764-gd40c196 (webtiles) character file.

5494 PolkaDot the Covert (level 10, -8/63 HPs)
             Began as a Vampire Summoner on Apr 23, 2015.
             Was a Priest of Sif Muna.
             Mangled by Maud
             ... wielding a +1 broad axe
              (26 damage)
             ... on level 10 of the Dungeon.
             The game lasted 00:44:16 (10535 turns).

PolkaDot the Covert (Vampire Summoner)             Turns: 10535, Time: 00:44:16

Health: -8/63      AC: 10    Str:  7    XL:     10   Next: 42%
Magic:  7/14       EV: 12    Int: 25    God:    Sif Muna [***...]
Gold:   478        SH:  0    Dex: 15    Spells: 5 memorised, 1 level left

rFire  . . .     SeeInvis +     p - +0 quarterstaff
rCold  . . .     Clarity  .     H - +2 troll leather armour
rNeg   . . .     SustAb   .     (no shield)
rPois  .         Gourm    .     w - +1 helmet
rElec  .         Spirit   .     i - +0 cloak (curse)
rCorr  .         Warding  .     h - +0 pair of gloves
rMut   .         Stasis   .     (no boots)
MR     +....                    (no amulet)
Stlth  +++++.....               k - ring of wizardry
                                u - +4 ring of intelligence

@: regenerating quickly, somewhat resistant to hostile enchantments, quite
stealthy
A: fangs 3, see invisible, unbreathing
a: Channel Energy, Forget Spell, Renounce Religion


You were on level 10 of the Dungeon.
You worshipped Sif Muna.
Sif Muna was most pleased with you.
You were very full.

You visited 2 branches of the dungeon, and saw 11 of its levels.
You also visited: Sewer and Ossuary.

You collected 667 gold pieces.
You spent 189 gold pieces at shops.

Inventory:

Hand weapons
 d - a +1 dagger of protection
 p - a +0 quarterstaff (weapon)
Missiles
 E - a throwing net (quivered)
Armour
 h - a +0 pair of gloves (worn)
 i - a cursed +0 cloak (worn)
 w - a +1 helmet (worn)
 H - a +2 troll leather armour (worn)
Jewellery
 e - an uncursed ring of protection from fire
 k - a ring of wizardry (right hand)
 q - an uncursed amulet of stasis
 u - a +4 ring of intelligence (left hand)
 y - an uncursed amulet of rage
Magical devices
 g - a wand of lightning (2)
 x - a wand of lightning (9)
Scrolls
 l - a scroll of identify
 n - 2 scrolls of teleportation
 r - 2 scrolls of amnesia
 s - 4 scrolls of enchant weapon
 t - 5 scrolls of immolation
 B - 3 scrolls of remove curse
 D - 2 scrolls of magic mapping
Potions
 a - 9 potions of curing
 c - a potion of cancellation
 f - 12 potions of blood {@*1}
 j - a potion of cure mutation {!q}
 m - 2 potions of brilliance
 v - 2 potions of restore abilities
 A - a potion of lignification
 F - a potion of invisibility
Books
 b - a book of Callings

   Spells                             Type                      Level
   a - Summon Small Mammal            Summoning                    1
   b - Call Imp                       Summoning                    2
   c - Call Canine Familiar           Summoning                    3
   d - Summon Guardian Golem          Hexes/Summoning              3
   e - Summon Lightning Spire         Summoning/Air                4
   f - Summon Ice Beast               Ice/Summoning                4
 G - a book of the Dragon

   Spells                             Type                      Level
   a - Flight                         Charms/Air                   3
   b - Cause Fear                     Hexes                        4
   c - Bolt of Fire                   Conjuration/Fire             6
   d - Dragon Form                    Transmutation                7
   e - Dragon's Call                  Summoning                    9


   Skills:
 - Level 4.6 Short Blades
 * Level 5.0 Staves
 - Level 2.1 Dodging
 - Level 10.6 Stealth
 - Level 2.9 Spellcasting
 - Level 3.5 Hexes
 + Level 10.5 Summonings
 + Level 5.6 Ice Magic


You had one spell level left.
You knew the following spells:

 Your Spells              Type           Power        Failure   Level  Hunger
a - Summon Small Mammal   Summ           ####         1%          1    None
d - Call Canine Familiar  Summ           ######..     1%          3    ###....
g - Summon Guardian Gole  Hex/Summ       #####...     1%          3    ###....
i - Summon Ice Beast      Ice/Summ       #####...     3%          4    ####...
s - Call Imp              Summ           ######..     1%          2    ##.....


Dungeon Overview and Level Annotations

Branches:
Dungeon (10/15)            Temple (1/1) D:5
   Lair: D:8-11         Orc: D:9-12

Altars:
Ashenzari
Cheibriados
Dithmenos
Elyvilon
Fedhas
Gozag
Kikubaaqudgha
Makhleb
Nemelex Xobeh
Okawaru
Qazlal
Ru
Sif Muna
Trog
Vehumet
Xom
Yredelemnul
Zin
The Shining One

Shops:
D:4 :   D:5 =[   D:9 *

Annotations:
D:10 Maud


Innate Abilities, Weirdness & Mutations

Your natural rate of healing is unusually fast.
You have razor-sharp teeth.
You have supernaturally acute eyesight.
You can survive without breathing.


Message History

Your wolf's corpse disappears in a puff of smoke!
The wizard hits your ice beast with a dagger.
Unknown command.
Unknown command.
Unknown command.
Unknown command.
Unknown command.
Read which item? (? for menu, Esc to quit)
Okay, then.
Unknown command.
Your ice beast disappears in a puff of smoke!
The wizard shouts, "Entram moth deg ulag!"
The wizard gestures at you while chanting.
The bolt of lightning hits you!
* * * LOW HITPOINT WARNING * * *
The wizard gestures wildly while chanting.
The wizard blinks!
You open the door.
Maud hits you with an enchanted broad axe!!
You die...

..# #.#'#....# #. ..#
#......###################.
..#
#...รท..'.................((
###
#.>....####################
#......# $.. #......# #.#
#......# #.# #......###'##
#.#######.@.# #######.#
#.@.# ........# #...#
...############...#
..............#...#
.................##
...##########.#######
.............[.......<
###########.#.#######


You could see Maud.

Vanquished Creatures
  An unseen horror (D:10)
  A fire elemental (D:6)
  A hungry ghost (D:8)
  The ghost of Viceroy the Skirmisher, an average OgBe of Trog (D:4)
  3 sky beasts
  2 ice beasts
  2 centaurs
  3 ogres
  A phantom (D:10)
  2 giant frogs
  3 big kobolds (Sewer)
  2 scorpions
  2 wights (D:6)
  A goliath beetle (D:6)
  2 crimson imps
  A centaur zombie (D:5)
  2 centaur skeletons
  2 giant frog skeletons
  2 orc priests
  3 orc wizards
  2 hounds
  4 worker ants
  2 iguanas
  A big kobold zombie (Ossuary)
  2 hound skeletons (D:8)
  2 mummies (Ossuary)
  2 worker ant zombies
  5 gnolls
  10 adders
  A shadow imp (D:7)
  2 oozes
  3 adder skeletons
  2 worms (D:4)
  6 giant geckos
  22 orcs
  16 bats
  5 goblins
  10 hobgoblins
  9 jackals
  14 kobolds
  2 quokkas
  5 ball pythons
  8 giant cockroaches
  6 giant newts
  10 rats
  A fungus (D:1)
189 creatures vanquished.

Vanquished Creatures (collateral kills)
  A hill giant (D:10)
  The ghost of sose the Destroyer, an experienced DECj (D:5)
  2 trolls (D:9)
  A human (D:7)
  Grum (D:10)
  3 yaks (D:9)
  5 wolves (D:10)
  An orc warrior (D:9)
  3 ice beasts
  A boggart (D:10)
  4 ogres
  2 centaurs
  A giant frog (D:10)
  An elf zombie (Ossuary)
  A gnoll sergeant (D:7)
  5 wights
  A crimson imp (D:8)
  A lava snake (D:8)
  2 orc priests (D:9)
  A hound (D:7)
  A human zombie (Ossuary)
  2 giant frog skeletons
  3 worker ants
  An orc wizard (D:3)
  4 sheep (D:7)
  The ghost of nataq the Skirmisher, a weakling DsFi (D:3)
  A killer bee zombie (D:10)
  2 mummies (Ossuary)
  8 gnolls
  An adder (D:3)
  3 adder zombies
  A worm (D:3)
  15 orcs
  A ball python (D:3)
  A bat (D:7)
  2 gnoll zombies (Ossuary)
  5 hobgoblins
  7 kobolds
  2 goblins
  2 hobgoblin zombies (Ossuary)
  A kobold zombie (Ossuary)
  An orc zombie (Ossuary)
  A rat zombie (Ossuary)
104 creatures vanquished.

Vanquished Creatures (others)
  The ghost of Fusha the Grappler, a powerful TrAM of Okawaru (D:10)
  6 guardian golems
  10 ice beasts (D:10)
  10 wolves
  4 crimson imps
  6 hounds
  3 white imps
  A bat (D:4)
  A rat (D:1)
42 creatures vanquished.

Grand Total: 335 creatures vanquished

Notes
Turn   | Place    | Note
--------------------------------------------------------------
     0 | D:1      | PolkaDot, the Vampire Summoner, began the quest for the Orb.
     0 | D:1      | Reached XP level 1. HP: 13/13 MP: 3/3
    31 | D:1      | Noticed a seven-headed hydra
    31 | D:1      | Noticed a polar bear
    31 | D:1      | Noticed a killer bee
    31 | D:1      | Noticed a black mamba
   239 | D:1      | Reached XP level 2. HP: 16/19 MP: 5/5
   246 | D:1      | Learned a level 2 spell: Call Imp
  1020 | D:2      | Found an ancient bone altar of Kikubaaqudgha.
  1177 | D:2      | Reached XP level 3. HP: 24/24 MP: 6/6
  1391 | D:2      | Reached skill level 1 in Short Blades
  1581 | D:3      | Learned a level 3 spell: Call Canine Familiar
  1628 | D:3      | Noticed nataq's ghost (weakling DsFi)
  1636 | D:3      | Killed nataq's ghost
  1636 | D:3      | Reached XP level 4. HP: 20/30 MP: 1/7
  1750 | D:3      | Reached skill level 5 in Summonings
  1772 | D:3      | Found a glowing drain.
  1776 | Sewer    | Entered a sewer
  1807 | Sewer    | Reached skill level 5 in Stealth
  1863 | Sewer    | Noticed a big kobold
  1904 | Sewer    | Killed a big kobold
  1904 | Sewer    | Reached XP level 5. HP: 23/35 MP: 1/8
  2068 | Sewer    | Noticed a big kobold
  2073 | Sewer    | Noticed a big kobold
  2086 | Sewer    | Killed a big kobold
  2112 | Sewer    | Killed a big kobold
  2360 | D:3      | Noticed a centaur
  2372 | D:3      | Killed a centaur
  2372 | D:3      | Reached skill level 6 in Stealth
  2372 | D:3      | Reached XP level 6. HP: 10/41 MP: 9/9
  3133 | D:3      | Learned a level 3 spell: Summon Guardian Golem
  3250 | D:4      | Found Zeuhof's Book Emporium.
  3348 | D:4      | Noticed Viceroy's ghost (average OgBe)
  3371 | D:4      | Killed Viceroy's ghost
  3371 | D:4      | Reached XP level 7. HP: 26/46 MP: 5/10
  3606 | D:4      | Reached skill level 7 in Stealth
  4064 | D:5      | Entered Level 5 of the Dungeon
  4082 | D:5      | Found Ozekkok's Armour Shop.
  4169 | D:5      | Noticed sose's ghost (experienced DECj)
  4406 | D:5      | Killed sose's ghost
  4406 | D:5      | Reached skill level 8 in Stealth
  4457 | D:5      | Reached XP level 8. HP: 52/52 MP: 9/11
  4520 | D:5      | Found Nasmae Zatwi's Jewellery Boutique.
  4546 | D:5      | Found a radiant altar of Vehumet.
  4656 | D:5      | Found a staircase to the Ecumenical Temple.
  4668 | Temple   | Entered the Ecumenical Temple
  4930 | Temple   | Became a worshipper of Sif Muna the Loreminder
  5083 | D:5      | Reached skill level 1 in Hexes
  5304 | D:6      | Reached skill level 9 in Stealth
  5444 | D:6      | Acquired Sif Muna's first power
  5650 | D:6      | Found an opulent altar of Gozag.
  6141 | D:6      | Found a snail-covered altar of Cheibriados.
  6337 | D:6      | Found a burning altar of Makhleb.
  6342 | D:6      | Found a stormy altar of Qazlal.
  6736 | D:7      | Reached XP level 9. HP: 9/57 MP: 9/13
  6754 | D:7      | Learned a level 4 spell: Summon Ice Beast
  6856 | D:7      | Reached skill level 10 in Stealth
  6878 | D:7      | Reached skill level 1 in Ice Magic
  7236 | D:7      | Acquired Sif Muna's second power
  7265 | D:7      | HP: 1/57 [gnoll/halberd (11)]
  7920 | D:8      | Found a glowing golden altar of the Shining One.
  7964 | D:8      | Found a sand-covered staircase.
  7982 | Ossuary  | Entered an ossuary
  8498 | D:8      | Reached skill level 1 in Staves
  8528 | D:8      | Found a blossoming altar of Fedhas.
  8528 | D:8      | Found a sparkling altar of Nemelex Xobeh.
  9283 | D:8      | Found a glowing silver altar of Zin.
  9395 | D:9      | Reached skill level 10 in Summonings
  9617 | D:9      | Found Qaawo's Assorted Antiques.
  9633 | D:9      | Bought a twisted leather armour for 189 gold pieces
  9651 | D:9      | Identified the +1 leather armour of the Harp {rC+ Regen+ Str+4} (You bought it in a shop on level 9 of the Dungeon)
  9692 | D:9      | Reached XP level 10. HP: 32/63 MP: 1/14
 10040 | D:10     | Entered Level 10 of the Dungeon
 10152 | D:10     | Noticed a hill giant
 10170 | D:10     | Killed a hill giant
 10201 | D:10     | Noticed Fusha's ghost (powerful TrAM)
 10204 | D:10     | Noticed an unseen horror
 10205 | D:10     | Noticed Grum
 10228 | D:10     | Killed an unseen horror
 10228 | D:10     | Reached skill level 5 in Ice Magic
 10314 | D:10     | Killed Fusha's ghost
 10330 | D:10     | Killed Grum
 10433 | D:10     | Reached skill level 5 in Staves
 10481 | D:10     | Noticed Maud
 10487 | D:10     | Noticed a wizard
 10535 | D:10     | Mangled by Maud

Action                   |  1- 3 |  4- 6 |  7- 9 | 10-12 || total
-------------------------+-------+-------+-------+-------++-------
Melee: Dagger            |   139 |   354 |   572 |       ||  1065
       Unarmed           |     3 |       |       |       ||     3
       Quarterstaff      |       |       |   179 |    61 ||   240
 Cast: Summon Small Mamm |     6 |     2 |       |       ||     8
       Call Canine Famil |     1 |     8 |    20 |    10 ||    39
       Call Imp          |     1 |     8 |    27 |       ||    36
       Summon Guardian G |       |     1 |     9 |     6 ||    16
       Summon Ice Beast  |       |       |    11 |    17 ||    28
Invok: Channel Energy    |       |       |    14 |    51 ||    65
Evoke: Wand              |       |       |       |     1 ||     1
  Use: Potion            |     4 |    19 |    55 |    17 ||    95
       Scroll            |     4 |     4 |    11 |     5 ||    24
 Stab: Sleeping          |     6 |     4 |    27 |     2 ||    39
       Distracted        |       |     3 |    11 |     1 ||    15
  Eat: Corpse            |    14 |       |       |       ||    14
